[Event "Early Titled Tuesday Blitz | February 8 2022"]
[White "Shuvalov, Evgenij"]
[Black "Caruana, Fabiano"]
[WhiteFideId "4187237"]
[BlackFideId "2020009"]
[WhiteElo "2119"]
[BlackElo "2744"]
[Result "0-1"]
[Round "01"]
[TimeControl "180+1"]
[Date "2022.02.08"]
[WhiteClock "0:00:02"]
[BlackClock "0:00:38"]

1. Nf3 d5 2. c4 d4 3. b4 g6 4. d3 Bg7 5. g3 e5 6. Bg2 Ne7 7. Nbd2 O-O 8. O-O a5 9. bxa5 Nbc6 10. Nb3 Nxa5 11. Nxa5 Rxa5 12. a4 h6 13. Bd2 Ra6 14. a5 g5 15. Bb4 Re8 16. Bxe7 Qxe7 17. Nd2 c6 18. Qb3 Kh7 19. Rfb1 h5 20. Qa3 Qxa3 21. Rxa3 f5 22. Ra2 Bf8 23. Kf1 Kg6 24. Nb3 Bd6 25. Rbb2 Be6 26. Nd2 Rb8 27. Ke1 Bc7 28. Nb3 Bf7 29. Kd1 Bd6 30. Nd2 h4 31. Ke1 Bc7 32. Kd1 hxg3 33. hxg3 g4 34. Nb3 Bd6 35. Nd2 Ra7 36. Rb1 Rh8 37. Rab2 Rh2 38. Bf1 Rxf2 39. Ke1 Rh2 40. Rxb7 Rxa5 41. R7b6 Be8 42. c5 Rxc5 43. Nc4 Rxc4 44. dxc4 e4 45. c5 Bxg3+ 46. Kd1 Rf2 47. Kc2 d3+ 48. Kc3 dxe2 49. Bxe2 Rxe2 50. Rd1 Be5+ 51. Kc4 Bf7+ 52. Kb4 Rb2+ 53. Ka3 Rxb6 54. cxb6 g3 55. b7 f4 56. Rd8 e3 57. b8=Q Bxb8 58. Rxb8 g2 59. Rb1 f3 60. Kb4 f2 61. Kc5 g1=Q 62. Rxg1+ fxg1=Q 0-1


[Site "https://www.chess.com"]

[Event "Early Titled Tuesday Blitz | February 8 2022"]
[White "Shuvalova, Polina"]
[Black "Xie, Bryan"]
[WhiteFideId "24171760"]
[BlackFideId "30941296"]
[WhiteElo "2355"]
[BlackElo "1899"]
[Result "1-0"]
[Round "01"]
[TimeControl "180+1"]
[Date "2022.02.08"]
[WhiteClock "0:02:07"]
[BlackClock "0:00:01"]

1. e4 c5 2. Nf3 e6 3. g3 Nc6 4. Bg2 Qc7 5. O-O Nf6 6. Qe2 a6 7. e5 Nd5 8. c4 Nb6 9. Nc3 d6 10. exd6 Bxd6 11. d3 O-O 12. Be3 Be7 13. Ne4 Nd7 14. Rad1 b6 15. b3 Bb7 16. Rfe1 Rad8 17. h4 Nf6 18. Bf4 e5 19. Nxf6+ Bxf6 20. Nxe5 Nd4 21. Qf1 Bxe5 22. Bxe5 Qd7 23. Bxd4 Bxg2 24. Qxg2 Qxd4 25. Qf3 Rfe8 26. Kg2 h6 27. Rxe8+ Rxe8 28. Rd2 Rd8 29. Re2 Qxd3 30. Re8+ Kh7 31. Rxd8 Qxd8 32. Qxf7 1-0


[Site "https://www.chess.com"]

[Event "Early Titled Tuesday Blitz | February 8 2022"]
[White "Shyaamnikhil P"]
[Black "Terletsky, Oleg"]
[WhiteFideId "5024218"]
[BlackFideId "14116774"]
[WhiteElo "2292"]
[BlackElo "2050"]
[Result "1-0"]
[Round "01"]
[TimeControl "180+1"]
[Date "2022.02.08"]
[WhiteClock "0:01:01"]
[BlackClock "0:00:06"]

1. d4 Nf6 2. Nf3 g6 3. g3 Bg7 4. Bg2 O-O 5. O-O d6 6. Re1 Nbd7 7. e4 e5 8. c3 Re8 9. Nbd2 b6 10. a4 a6 11. a5 b5 12. d5 Bb7 13. c4 c6 14. b3 Nc5 15. Qc2 bxc4 16. bxc4 cxd5 17. cxd5 Rc8 18. Qb1 Rb8 19. Qa2 Nd3 20. Re3 Nxc1 21. Rxc1 Qe7 22. Rb3 Rec8 23. Rcb1 Qc7 24. Qb2 Nd7 25. Rxb7 Rxb7 26. Qxb7 Qxb7 27. Rxb7 Nc5 28. Rb6 Bf8 29. Bf1 f5 30. exf5 gxf5 31. Ng5 e4 32. Nc4 Re8 33. Nxd6 Re5 34. Rc6 Rxd5 35. Bc4 1-0


[Site "https://www.chess.com"]

[Event "Early Titled Tuesday Blitz | February 8 2022"]
[White "Silich, Yahor"]
[Black "Deac, Bogdan-Daniel"]
[WhiteFideId "13513656"]
[BlackFideId "1226380"]
[WhiteElo "2101"]
[BlackElo "2646"]
[Result "0-1"]
[Round "01"]
[TimeControl "180+1"]
[Date "2022.02.08"]
[WhiteClock "0:00:02"]
[BlackClock "0:00:32"]

1. e4 c5 2. Nf3 Nc6 3. Bb5 g6 4. O-O Bg7 5. c3 a6 6. Bxc6 dxc6 7. h3 Nf6 8. Re1 c4 9. b3 cxb3 10. axb3 O-O 11. d4 Nd7 12. Bf4 c5 13. e5 cxd4 14. cxd4 Nb6 15. Nc3 Nd5 16. Qd2 Be6 17. Rab1 Rc8 18. Ne4 Bf5 19. Rbd1 Bxe4 20. Rxe4 Nc3 21. Ree1 Nxd1 22. Rxd1 Qd5 23. Qd3 Rc6 24. Ng5 f6 25. exf6 Rcxf6 26. Be3 Rb6 27. Ne4 Rxb3 28. Qc2 Rb4 29. Nc3 Qb3 30. Qd2 Rc4 31. Nd5 Rc2 32. Qa5 Rcxf2 33. Re1 R2f7 34. Kh2 e6 35. Nc3 Qc4 36. Ne4 Qc7+ 37. Qxc7 Rxc7 0-1


[Site "https://www.chess.com"]

[Event "Early Titled Tuesday Blitz | February 8 2022"]
[White "Sokolovsky, Yahli"]
[Black "Kiseleva, Arina"]
[WhiteFideId "2820242"]
[BlackFideId "4164989"]
[WhiteElo "1770"]
[BlackElo "1866"]
[Result "1-0"]
[Round "01"]
[TimeControl "180+1"]
[Date "2022.02.08"]
[WhiteClock "0:00:04"]
[BlackClock "0:00:04"]

1. b3 Nf6 2. Bb2 d6 3. d4 g6 4. g3 Bg7 5. Bg2 c6 6. Nf3 O-O 7. O-O Bg4 8. h3 Bxf3 9. Bxf3 Nbd7 10. Bg2 Qc7 11. Nd2 e5 12. e4 exd4 13. Bxd4 Rfe8 14. Re1 c5 15. Bb2 Ne5 16. f4 Nc6 17. Nc4 Rad8 18. Qf3 Nb4 19. Qf2 b5 20. Ne3 Nxe4 21. Bxe4 Rxe4 22. Bxg7 Kxg7 23. a3 Nc6 24. Nd5 Rxe1+ 25. Rxe1 Qd7 26. Qf1 Nd4 27. c3 Nxb3 28. Re7 Qf5 29. Nc7 c4 30. Ne6+ Kf6 31. Nd4 Nxd4 32. Rxa7 Nc6 33. Ra6 Ne7 34. Qd1 Qd5 35. Qe1 Qe6 36. Qf2 Nf5 37. g4 Ne3 38. Ra7 Nd5 39. Qd4+ Qe5 40. fxe5+ dxe5 41. Qf2+ Ke6 42. Qc5 Nf4 43. Qe7+ 1-0


[Site "https://www.chess.com"]

[Event "Early Titled Tuesday Blitz | February 8 2022"]
[White "Sorokin, Aleksey"]
[Black "Ljukin, Sergei"]
[WhiteFideId "24176460"]
[BlackFideId "14102200"]
[WhiteElo "2476"]
[BlackElo "2312"]
[Result "1-0"]
[Round "01"]
[TimeControl "180+1"]
[Date "2022.02.08"]
[WhiteClock "0:02:02"]
[BlackClock "0:02:03"]

1. d4 d5 2. c4 c6 3. Nf3 Nf6 4. e3 e6 5. Qc2 Nbd7 6. b3 Bb4+ 7. Nbd2 O-O 8. Bd3 a6 9. O-O b5 10. Ne5 Bb7 11. f4 bxc4 12. bxc4 c5 13. Rb1 Bxd2 14. Bxd2 cxd4 15. Rxb7 Nc5 16. Rbb1 dxe3 17. Bxe3 1-0


[Site "https://www.chess.com"]

[Event "Early Titled Tuesday Blitz | February 8 2022"]
[White "Sovetbekova, Nurai"]
[Black "Jakubowski, Krzysztof"]
[WhiteFideId "13801910"]
[BlackFideId "1112848"]
[WhiteElo "1545"]
[BlackElo "2365"]
[Result "0-1"]
[Round "01"]
[TimeControl "180+1"]
[Date "2022.02.08"]
[WhiteClock "0:00:02"]
[BlackClock "0:00:32"]

1. d4 Nf6 2. c4 e6 3. Nf3 b6 4. g3 Ba6 5. Qc2 c5 6. Bg2 Nc6 7. dxc5 bxc5 8. O-O Be7 9. b3 O-O 10. Bb2 d5 11. cxd5 exd5 12. Nc3 Nb4 13. Qd2 Re8 14. Rfd1 d4 15. Na4 Ne4 16. Qf4 Bd6 17. Qg4 Bxe2 18. Re1 Nf6 19. Qf5 g6 20. Qg5 Nc2 21. Rac1 Nxe1 22. Nxe1 Rc8 23. Bh3 Rc7 24. Qd2 Ba6 25. Nd3 Ne4 26. Qd1 Rce7 27. Bf1 Bb7 28. Naxc5 Nxc5 29. Nxc5 Bxc5 30. Rxc5 Re1 31. Qd3 Qf6 32. Bxd4 Qa6 33. Qxa6 Bxa6 0-1


[Site "https://www.chess.com"]

[Event "Early Titled Tuesday Blitz | February 8 2022"]
[White "Srihari L R"]
[Black "Kanyamarala, Trisha"]
[WhiteFideId "46617116"]
[BlackFideId "45004722"]
[WhiteElo "2121"]
[BlackElo "2002"]
[Result "1-0"]
[Round "01"]
[TimeControl "180+1"]
[Date "2022.02.08"]
[WhiteClock "0:00:57"]
[BlackClock "0:00:14"]

1. c4 e6 2. Nc3 d5 3. d4 Nf6 4. Bg5 Bb4 5. e3 O-O 6. Nf3 c5 7. a3 Bxc3+ 8. bxc3 Nc6 9. cxd5 exd5 10. Bd3 Bg4 11. O-O c4 12. Be2 Qd6 13. Nd2 Bxe2 14. Qxe2 b5 15. Qf3 Nd7 16. e4 Nb6 17. e5 Qd7 18. Qg3 Kh8 19. f4 a5 20. f5 f6 21. e6 Qe7 22. Bf4 Nc8 23. Nf3 Ra7 24. Nh4 Rd8 25. Ng6+ hxg6 26. Qh3+ Kg8 27. fxg6 Qxe6 28. Qxe6+ Kf8 29. Bh6 gxh6 30. Rxf6+ 1-0


[Site "https://www.chess.com"]

[Event "Early Titled Tuesday Blitz | February 8 2022"]
[White "Stanisz, Patryk"]
[Black "Williams, Simon K"]
[WhiteFideId "1123106"]
[BlackFideId "404454"]
[WhiteElo "1876"]
[BlackElo "2468"]
[Result "0-1"]
[Round "01"]
[TimeControl "180+1"]
[Date "2022.02.08"]
[WhiteClock "0:00:04"]
[BlackClock "0:00:45"]

1. Nf3 f5 2. d4 e6 3. c4 Nf6 4. Nc3 Be7 5. g3 O-O 6. Bg2 d6 7. O-O Ne4 8. Ne1 Nxc3 9. bxc3 e5 10. f3 Nc6 11. e4 f4 12. Nc2 Qe8 13. Nb4 fxg3 14. hxg3 Qg6 15. Nxc6 bxc6 16. Qe1 Ba6 17. d5 Bxc4 18. dxc6 Bxf1 19. Kxf1 Rab8 20. Be3 Qxe4 21. Bxa7 Qc4+ 22. Kg1 Rb2 23. f4 Re2 24. Bd5+ Qxd5 25. Qxe2 Qxc6 26. fxe5 Qxc3 27. Rd1 Qxg3+ 28. Qg2 Qxg2+ 29. Kxg2 dxe5 30. Rd7 Bd6 31. Bb6 cxb6 32. Rxd6 Ra8 33. Re6 Rxa2+ 34. Kf3 Ra5 35. Rxb6 h6 36. Ke4 Kh7 37. Kf5 Ra1 38. Kxe5 Rf1 39. Rb7 h5 40. Ke4 Kh6 41. Ke3 h4 42. Ke2 Rf6 43. Rb8 g5 44. Rh8+ Kg6 45. Rg8+ Kh5 46. Rb8 h3 47. Rb4 g4 48. Rb8 Kh4 49. Rf8 Rxf8 0-1


[Site "https://www.chess.com"]

[Event "Early Titled Tuesday Blitz | February 8 2022"]
[White "Stefanov, Plamen"]
[Black "Khumalo, Keith"]
[WhiteFideId "2900980"]
[BlackFideId "14319470"]
[WhiteElo "2137"]
[BlackElo "1992"]
[Result "0-1"]
[Round "01"]
[TimeControl "180+1"]
[Date "2022.02.08"]
[WhiteClock "0:00:01"]
[BlackClock "0:01:00"]

1. e4 c5 2. Nf3 e6 3. c3 Qa5 4. Bd3 Nc6 5. O-O Nf6 6. Re1 d5 7. e5 Nd7 8. Bc2 c4 9. d4 cxd3 10. Qxd3 Be7 11. Nbd2 Qc7 12. Qe2 a5 13. Nf1 b6 14. Bf4 Ba6 15. Bd3 Bxd3 16. Qxd3 Nc5 17. Qd1 a4 18. Ng3 h5 19. h4 g6 20. Qe2 Qb7 21. Ng5 Qa6 22. Qf3 Ra7 23. Bd2 Bd8 24. b4 Nd3 25. Re3 Ndxe5 26. Qd1 Ng4 27. Re1 Qd3 28. Bf4 Qxd1 29. Raxd1 Bxg5 30. Bxg5 Kd7 31. Ne4 Kc7 32. Nf6 Nxf6 33. Bxf6 Re8 34. Rxd5 exd5 35. Rxe8 Kd6 36. b5 Na5 37. Rb8 Nc4 38. Bd4 Kc7 39. Rf8 Kd6 40. f4 Ra5 41. Rxf7 Rxb5 42. Rf6+ Kc7 43. Rxg6 Rb2 44. f5 Rxa2 45. f6 Ra1+ 46. Kh2 Rf1 47. Rg7+ Kd6 48. f7 Ke7 49. Rg8 Rxf7 50. Ra8 b5 51. Ra7+ Ke6 52. Ra6+ Kf5 53. Ra8 Ke4 54. Rb8 a3 55. Ra8 b4 56. cxb4 Kxd4 57. b5 Rb7 58. b6 Rxb6 59. Rh8 Ra6 60. Rxh5 a2 61. Rg5 a1=Q 62. Rg4+ Kc5 63. Rg8 Qe5+ 64. g3 Ra2+ 65. Kh3 Ne3 66. Rg4 Rh2+ 67. Kxh2 Qb2+ 0-1


[Site "https://www.chess.com"]

[Event "Early Titled Tuesday Blitz | February 8 2022"]
[White "Sviridov, Valery"]
[Black "Kanyamarala, Tarun"]
[WhiteFideId "4120680"]
[BlackFideId "45004714"]
[WhiteElo "2454"]
[BlackElo "2144"]
[Result "1-0"]
[Round "01"]
[TimeControl "180+1"]
[Date "2022.02.08"]
[WhiteClock "0:01:51"]
[BlackClock "0:01:32"]

1. Nf3 d5 2. g3 Nd7 3. d4 Nb6 4. Bg2 Bf5 5. b3 e6 6. Bb2 Nf6 7. Nbd2 h6 8. c4 c6 9. e3 Be7 10. O-O O-O 11. Qe2 a5 12. a3 Nbd7 13. Rfd1 Ne4 14. Rac1 Re8 15. Ne1 Nxd2 16. Qxd2 Bd6 17. Nd3 a4 18. b4 Nb6 19. c5 Nc4 20. Rxc4 dxc4 21. Ne1 Bc7 22. Qe2 e5 23. dxe5 Qe7 24. f4 Rad8 25. Bd4 Qe6 26. Bf3 Qg6 27. Qxc4 Be4 28. Bxe4 Qxe4 29. Qd3 Qd5 30. Kf2 Qh1 31. Nf3 Rxd4 32. exd4 1-0


[Site "https://www.chess.com"]

[Event "Early Titled Tuesday Blitz | February 8 2022"]
[White "Sychev, Klementy"]
[Black "Shtyka, Sergey"]
[WhiteFideId "4114060"]
[BlackFideId "4138465"]
[WhiteElo "2564"]
[BlackElo "2014"]
[Result "1/2-1/2"]
[Round "01"]
[TimeControl "180+1"]
[Date "2022.02.08"]
[WhiteClock "0:00:24"]
[BlackClock "0:00:12"]

1. e4 c5 2. Nf3 d6 3. d4 cxd4 4. Nxd4 Nf6 5. Nc3 g6 6. Be3 Bg7 7. f3 O-O 8. Qd2 Nc6 9. g4 Be6 10. Nxe6 fxe6 11. O-O-O Ne5 12. Be2 Rc8 13. h4 Qa5 14. h5 Nc4 15. Bxc4 Rxc4 16. hxg6 hxg6 17. Bh6 Rfc8 18. Bxg7 Rxc3 19. bxc3 Kxg7 20. Kb2 Rc5 21. c4 Qb6+ 22. Ka1 Rxc4 23. Rb1 Qc5 24. Rb2 b6 25. Qh6+ Kf7 26. g5 Nh5 27. f4 Rxc2 28. Qh7+ Ng7 29. f5 Rc1+ 30. Rxc1 Qxc1+ 31. Rb1 Qc3+ 32. Rb2 Qc1+ 33. Rb1 Qc3+ 34. Rb2 Qe1+ 35. Rb1 Qc3+ 1/2-1/2


[Site "https://www.chess.com"]

[Event "Early Titled Tuesday Blitz | February 8 2022"]
[White "Szpar, Milosz"]
[Black "Lopez Gracia, Fernando"]
[WhiteFideId "1184989"]
[BlackFideId "2207184"]
[WhiteElo "2447"]
[BlackElo "2385"]
[Result "1-0"]
[Round "01"]
[TimeControl "180+1"]
[Date "2022.02.08"]
[WhiteClock "0:00:13"]
[BlackClock "0:00:01"]

1. e4 e5 2. Nf3 Nc6 3. Bb5 a6 4. Ba4 Nf6 5. O-O Bc5 6. c3 b5 7. Bb3 d6 8. d4 Bb6 9. Be3 O-O 10. h3 Bb7 11. Nbd2 Re8 12. Re1 exd4 13. cxd4 Na5 14. d5 Nxb3 15. axb3 Nxe4 16. Bxb6 Nxd2 17. Rxe8+ Qxe8 18. Qxd2 cxb6 19. Qd4 Qd8 20. Nh4 Bc8 21. Re1 Bd7 22. Re3 Qf6 23. Qe4 g6 24. Nf3 Re8 25. Qd3 Qxb2 26. Rxe8+ Bxe8 27. Qe3 Kf8 28. Qxb6 Qa3 29. Qe3 Qc5 30. Qh6+ Ke7 31. Qh4+ Kd7 32. Qg4+ Kd8 33. Qg5+ Kc8 34. Qe7 Qc1+ 35. Kh2 Qf4+ 36. Kh1 Qc1+ 37. Ng1 Bd7 38. Qxd6 Qe1 39. Qxa6+ Kd8 40. Qf6+ Ke8 41. d6 Bf5 42. h4 1-0


[Site "https://www.chess.com"]

[Event "Early Titled Tuesday Blitz | February 8 2022"]
[White "Ter-Sahakyan, Samvel"]
[Black "Bruned, Yvain"]
[WhiteFideId "13302531"]
[BlackFideId "2250292"]
[WhiteElo "2592"]
[BlackElo "2073"]
[Result "1/2-1/2"]
[Round "01"]
[TimeControl "180+1"]
[Date "2022.02.08"]
[WhiteClock "0:00:04"]
[BlackClock "0:00:08"]

1. Nf3 b6 2. d4 Bb7 3. c4 e6 4. g3 Bb4+ 5. Nc3 Bxc3+ 6. bxc3 Nf6 7. Bg2 O-O 8. O-O d6 9. Re1 Nbd7 10. Bf1 h6 11. Nd2 Ne4 12. Nxe4 Bxe4 13. f3 Bb7 14. e4 e5 15. g4 Qe7 16. a4 a5 17. Ra2 g5 18. h4 f6 19. Rh2 Kg7 20. Bd3 Rh8 21. Kf2 Rh7 22. Reh1 Rah8 23. Qb3 Kf8 24. Rh3 Bc6 25. Be3 Kg7 26. Bc2 Bb7 27. R1h2 Bc6 28. Qb1 Bb7 29. Bb3 Bc6 30. Qh1 Nf8 31. Ke2 Qd7 32. Qd1 Qe7 33. Kd2 Nd7 34. Kc1 Bb7 35. Kb2 Bc6 36. Qh1 Nf8 37. Qg1 Nd7 38. Qf2 Bb7 39. Rh1 Bc6 40. R1h2 Bb7 41. Qe1 Bc6 42. Qh1 Nf8 43. hxg5 hxg5 44. Rh5 Be8 45. Rxh7+ Rxh7 46. Rxh7+ Nxh7 47. c5 dxc5 48. dxc5 bxc5 49. Qg1 c4 50. Bxc4 Bxa4 51. Qa1 Qe8 52. Qa3 Nf8 53. Qc5 Ne6 54. Qxa5 Qb8+ 55. Qb4 Qxb4+ 56. cxb4 Nd4 57. Bxd4 exd4 58. Kc1 Kf8 59. Kd2 Ke7 60. Kd3 Bd1 61. Kxd4 Bxf3 62. e5 Bxg4 63. exf6+ Kxf6 64. Bd5 Bd7 65. Bf3 g4 66. Bg2 Kg5 67. Kc5 Kf4 68. Bd5 Bf5 69. b5 Bd7 70. Bg2 Kg3 71. Be4 Kf4 72. Bd5 g3 73. Bg2 Ke3 74. Bd5 Kf2 75. Be4 g2 76. Bxg2 Kxg2 77. b6 cxb6+ 78. Kxb6 1/2-1/2


[Site "https://www.chess.com"]

[Event "Early Titled Tuesday Blitz | February 8 2022"]
[White "Thomas, Anysia"]
[Black "Gurevich, Dmitry"]
[WhiteFideId "670472"]
[BlackFideId "2000407"]
[WhiteElo "2002"]
[BlackElo "2506"]
[Result "1/2-1/2"]
[Round "01"]
[TimeControl "180+1"]
[Date "2022.02.08"]
[WhiteClock "0:00:09"]
[BlackClock "0:00:03"]

1. d4 Nf6 2. c4 a6 3. Nc3 c5 4. d5 b5 5. cxb5 axb5 6. Nxb5 Qa5+ 7. Nc3 Bb7 8. Bd2 Qb6 9. e4 e6 10. Bc4 Nxe4 11. Nxe4 exd5 12. Bxd5 Bxd5 13. Qc2 Qe6 14. f3 f5 15. Ne2 fxe4 16. Nf4 Qc6 17. O-O Be7 18. Nxd5 Qxd5 19. fxe4 Qe6 20. Bc3 Nc6 21. Rad1 Rf8 22. Bxg7 Rxf1+ 23. Rxf1 Qg6 24. Bc3 Nd4 25. Bxd4 cxd4 26. Qc4 Qg7 27. Kh1 Rd8 28. e5 Qg6 29. Qxd4 Bf8 30. Qd5 Qe6 31. Qf3 Bg7 32. Qf4 Rc8 33. h3 Rc4 34. Qf3 Rc8 35. Qh5+ Qg6 36. Qf3 Rc6 37. a4 Ke7 38. a5 Re6 39. Qa3+ Ke8 40. a6 Rxa6 41. Qb3 Re6 42. Qb8+ Ke7 43. Qb4+ Ke8 44. Qb8+ Ke7 45. Qb4+ Ke8 46. Qb8+ 1/2-1/2


[Site "https://www.chess.com"]

[Event "Early Titled Tuesday Blitz | February 8 2022"]
[White "Timofeev, Artyom"]
[Black "Hamley, Ryan"]
[WhiteFideId "4140419"]
[BlackFideId "30959497"]
[WhiteElo "2583"]
[BlackElo "2472"]
[Result "1-0"]
[Round "01"]
[TimeControl "180+1"]
[Date "2022.02.08"]
[WhiteClock "0:01:01"]
[BlackClock "0:00:35"]

1. d4 d5 2. c4 c6 3. Nf3 Nf6 4. Nc3 e6 5. e3 Bd6 6. Bd3 dxc4 7. Bxc4 b5 8. Bd3 Nbd7 9. O-O O-O 10. h3 Bb7 11. a3 a6 12. b4 e5 13. Qc2 Qe7 14. Bb2 a5 15. Ne4 exd4 16. Nxd6 Qxd6 17. Nxd4 axb4 18. Nf5 Qc5 19. axb4 Qxb4 20. Rfd1 Qc5 21. Qe2 Rfe8 22. Bd4 Qf8 23. Qb2 c5 24. Bxf6 Nxf6 25. Bxb5 Red8 26. Bc4 Be4 27. Nh6+ gxh6 28. Qxf6 Qg7 29. Rxd8+ 1-0


[Site "https://www.chess.com"]

[Event "Early Titled Tuesday Blitz | February 8 2022"]
[White "Todorovic, Bojan"]
[Black "Seo, Jung Min"]
[WhiteFideId "917087"]
[BlackFideId "1734687"]
[WhiteElo "2266"]
[BlackElo "2401"]
[Result "0-1"]
[Round "01"]
[TimeControl "180+1"]
[Date "2022.02.08"]
[WhiteClock "0:00:03"]
[BlackClock "0:00:41"]

1. Nf3 d5 2. c4 d4 3. b4 f6 4. e3 e5 5. Qb3 a5 6. b5 Bc5 7. exd4 Bxd4 8. Nxd4 Qxd4 9. Bb2 Qe4+ 10. Qe3 Qxe3+ 11. fxe3 Ne7 12. Nc3 O-O 13. Be2 Re8 14. O-O Be6 15. d4 Nd7 16. Bf3 c6 17. bxc6 bxc6 18. d5 Bf7 19. dxc6 Nc5 20. Ba3 Nd3 21. Bd5 Nb4 22. e4 Rac8 23. Nb5 Nc2 24. Bxe7 Rxe7 25. Nd6 Nxa1 26. Nxf7 Rxf7 27. Rxa1 Kf8 28. Bxf7 Kxf7 29. Rb1 Rxc6 30. Rc1 Ke6 31. Kf2 Kd6 32. Ke3 Kc5 33. Rd1 Rc7 34. Rd5+ Kxc4 35. Rxa5 Rd7 36. Ra4+ Kc3 37. Ra3+ Kc2 38. Ra6 Rd3+ 39. Ke2 Rd2+ 40. Kf3 Rd7 41. h4 Kb2 42. h5 h6 43. Kg4 Kc3 44. Kf5 Kd3 45. Ra3+ Ke2 46. Rg3 Kf2 47. Rg6 Ke3 48. Ke6 Ra7 49. Kd5 Ra5+ 50. Kc4 Kxe4 51. Rxg7 Rxa2 52. Rg4+ Ke3 53. Rg6 f5 54. Kd5 e4 55. Ke5 f4 56. Kf5 Rb2 57. Re6 Rb5+ 0-1


[Site "https://www.chess.com"]

[Event "Early Titled Tuesday Blitz | February 8 2022"]
[White "Turzo, Attila"]
[Black "Le, Tuan Minh"]
[WhiteFideId "704954"]
[BlackFideId "12401153"]
[WhiteElo "2507"]
[BlackElo "2450"]
[Result "0-1"]
[Round "01"]
[TimeControl "180+1"]
[Date "2022.02.08"]
[WhiteClock "0:00:34"]
[BlackClock "0:01:00"]

1. d4 d5 2. c4 c6 3. Nc3 Nf6 4. e3 a6 5. Nf3 Bf5 6. Nh4 Be4 7. f3 Bg6 8. Qb3 Ra7 9. g3 e6 10. Bd2 dxc4 11. Qxc4 b5 12. Qb3 c5 13. dxc5 Bxc5 14. Nxg6 hxg6 15. O-O-O O-O 16. Kb1 Nc6 17. Bc1 Qb6 18. Re1 Rd8 19. Qc2 Rad7 20. Ne4 Bb4 21. Nxf6+ gxf6 22. Re2 Ne5 23. Bg2 Rc7 24. Qb3 a5 25. a3 Rd3 26. Qa2 Bc5 27. e4 Bd4 28. Rc2 Rxc2 29. Kxc2 a4 30. f4 Qc5+ 31. Kb1 Nc4 32. Bf1 Rb3 33. Bxc4 bxc4 34. Bd2 c3 35. Rc1 Qb5 36. Qxb3 axb3 37. Bxc3 Qd3+ 38. Ka1 Bxc3 0-1


[Site "https://www.chess.com"]

[Event "Early Titled Tuesday Blitz | February 8 2022"]
[White "Urazayev, Arystanbek"]
[Black "Tarhan, Adar"]
[WhiteFideId "13709810"]
[BlackFideId "34544712"]
[WhiteElo "2321"]
[BlackElo "1802"]
[Result "1-0"]
[Round "01"]
[TimeControl "180+1"]
[Date "2022.02.08"]
[WhiteClock "0:01:36"]
[BlackClock "0:01:34"]

1. e4 c6 2. Nf3 d5 3. d3 dxe4 4. dxe4 Qxd1+ 5. Kxd1 Bg4 6. Be2 Nd7 7. Ne1 Bxe2+ 8. Kxe2 e6 9. Nd3 O-O-O 10. Be3 b6 11. a4 Ngf6 12. f3 Kb7 13. a5 c5 14. Na3 Be7 15. Rhb1 Rc8 16. c4 Rhd8 17. a6+ Ka8 18. Nb5 Nb8 19. Ne5 Rf8 20. Rd1 Nc6 21. Nxc6 Rxc6 22. Bf4 Bd8 23. Rd3 Nh5 24. Bd6 Re8 25. Rad1 f6 26. g4 1-0


[Site "https://www.chess.com"]

[Event "Early Titled Tuesday Blitz | February 8 2022"]
[White "Van den Dikkenberg, Erik"]
[Black "Tisaj, Domen"]
[WhiteFideId "1005880"]
[BlackFideId "14628708"]
[WhiteElo "2118"]
[BlackElo "2297"]
[Result "1-0"]
[Round "01"]
[TimeControl "180+1"]
[Date "2022.02.08"]
[WhiteClock "0:00:39"]
[BlackClock "0:01:56"]

1. e4 c5 2. Nf3 Nc6 3. d4 cxd4 4. Nxd4 e5 5. Nb5 d6 6. c4 Be7 7. N1c3 a6 8. Na3 Nf6 9. Bd3 O-O 10. O-O Be6 11. b3 Rc8 12. Nd5 Nd7 13. Nc2 Bg5 14. Ba3 Nc5 15. Kh1 Ne7 16. f4 Bxd5 17. fxg5 Bxe4 18. Bxc5 Bxd3 19. Qxd3 dxc5 20. Qe4 Nc6 21. Rad1 Qxg5 22. Ne3 g6 23. Nd5 f5 24. Qf3 Rcd8 25. Qe2 e4 26. Nf4 Qf6 27. Nd5 Qe5 28. Qf2 Nd4 29. Qh4 Kg7 30. Rde1 b5 31. g4 bxc4 32. bxc4 f4 33. Rxf4 Qxf4 34. Nxf4 Nf3 35. Qe7+ Kg8 36. Ne6 1-0


[Site "https://www.chess.com"]

[Event "Early Titled Tuesday Blitz | February 8 2022"]
[White "Varney, Zoe"]
[Black "Atanasov, Anthony"]
[WhiteFideId "436135"]
[BlackFideId "2623897"]
[WhiteElo "1808"]
[BlackElo "1928"]
[Result "0-1"]
[Round "01"]
[TimeControl "180+1"]
[Date "2022.02.08"]
[WhiteClock "0:00:04"]
[BlackClock "0:01:29"]

1. e4 c5 2. Nf3 d6 3. d4 cxd4 4. Nxd4 Nf6 5. Nc3 a6 6. Be3 e6 7. f3 b5 8. Qd2 Nbd7 9. g4 h6 10. h4 Bb7 11. Be2 b4 12. Na4 d5 13. exd5 Nxd5 14. O-O-O Qa5 15. b3 Nc5 16. Nxc5 Qa3+ 17. Kb1 Bxc5 18. Nb5 axb5 19. Bxb5+ Kd8 20. Bxc5 Qxa2+ 21. Kc1 Qa1# 0-1


[Site "https://www.chess.com"]

[Event "Early Titled Tuesday Blitz | February 8 2022"]
[White "Vetokhin, Ilia"]
[Black "Ponkratov, Pavel"]
[WhiteFideId "24156078"]
[BlackFideId "4157800"]
[WhiteElo "1897"]
[BlackElo "2487"]
[Result "0-1"]
[Round "01"]
[TimeControl "180+1"]
[Date "2022.02.08"]
[WhiteClock "0:00:26"]
[BlackClock "0:01:24"]

1. d4 d5 2. c4 e6 3. g3 dxc4 4. Nf3 c5 5. Na3 Nc6 6. Bg2 c3 7. bxc3 cxd4 8. O-O dxc3 9. Nb5 Qa5 10. a4 a6 11. Nd6+ Bxd6 12. Qxd6 Nge7 13. Ba3 O-O 14. Nd4 Rd8 15. Nxc6 Nxc6 16. Qc5 Qxc5 17. Bxc5 Nd4 18. Rfd1 e5 19. e3 Ne2+ 20. Kf1 Rxd1+ 21. Rxd1 Bg4 22. f3 c2 23. Re1 c1=Q 24. Rxc1 Nxc1 25. fxg4 Nd3 0-1


[Site "https://www.chess.com"]

[Event "Early Titled Tuesday Blitz | February 8 2022"]
[White "Viani Antonio Dcunha"]
[Black "Decuigniere, Tom"]
[WhiteFideId "5027330"]
[BlackFideId "26093820"]
[WhiteElo "2366"]
[BlackElo "1997"]
[Result "1-0"]
[Round "01"]
[TimeControl "180+1"]
[Date "2022.02.08"]
[WhiteClock "0:00:27"]
[BlackClock "0:00:06"]

1. e4 c5 2. Nf3 g6 3. Nc3 Bg7 4. d4 cxd4 5. Nxd4 Nc6 6. Be3 Nf6 7. Bc4 O-O 8. Bb3 a5 9. O-O a4 10. Nxa4 Nxe4 11. Nb5 d5 12. Bb6 Qd7 13. Nc7 Rxa4 14. Bxa4 Bxb2 15. Qxd5 Bxa1 16. Rxa1 Nc3 17. Qxd7 Bxd7 18. Bb3 Bf5 19. Re1 Rd8 20. f3 Rd2 21. Be3 Rd1 22. Kf2 Nb4 23. Bc5 Rxe1 24. Kxe1 Nc6 25. Kd2 Nb1+ 26. Kc1 Nc3 27. g4 Be6 28. Nxe6 fxe6 29. Bxe6+ Kf8 30. Bb3 Ne2+ 31. Kd2 Ned4 32. Ke3 Nxb3 33. axb3 Kf7 34. Ke4 Ke6 35. b4 b5 36. f4 Kd7 37. f5 Nd8 38. h4 Nf7 39. fxg6 hxg6 40. h5 gxh5 41. gxh5 Ke6 42. Bd4 Nd6+ 43. Kf4 Nf5 44. Ba1 Nh6 45. Kg5 Nf7+ 46. Kg6 1-0


[Site "https://www.chess.com"]

[Event "Early Titled Tuesday Blitz | February 8 2022"]
[White "Visakh N R"]
[Black "Tay, Junior"]
[WhiteFideId "25012223"]
[BlackFideId "5800439"]
[WhiteElo "2454"]
[BlackElo "2216"]
[Result "1-0"]
[Round "01"]
[TimeControl "180+1"]
[Date "2022.02.08"]
[WhiteClock "0:01:43"]
[BlackClock "0:00:19"]

1. e4 Nc6 2. Nf3 e5 3. Bb5 f5 4. Nc3 fxe4 5. Nxe4 Nf6 6. Nxf6+ Qxf6 7. O-O Nd4 8. Nxd4 exd4 9. Bc4 c6 10. d3 d5 11. Bb3 Bd6 12. Qh5+ g6 13. Qh6 Bf8 14. Re1+ Kf7 15. Qg5 Be7 16. Qxf6+ Bxf6 17. Bf4 Bf5 18. f3 h5 19. Be5 Rhe8 20. Bxf6 Kxf6 21. Kf2 b5 22. Rad1 a5 23. Rxe8 Rxe8 24. c3 Re3 25. cxd4 Rxd3 26. Rxd3 Bxd3 27. Ke3 Bc4 28. h4 Kf5 29. Bc2+ Kf6 30. a3 b4 31. axb4 axb4 32. g4 Bb5 33. g5+ Kf7 34. Kf4 Be2 35. Ba4 1-0


[Site "https://www.chess.com"]